 Dungeon Crawl Stone Soup version 0.27-a0-1144-g0b7d3b79db (webtiles) character file.

Game seed: 12734994723304440371

169215 robertstho the Executioner (level 17, -6/168 HPs)
             Began as a Minotaur Berserker on May 10, 2021.
             Was the Champion of Trog.
             Mangled by an Executioner (12 damage)
             ... summoned by a deep elf demonologist
             ... on level 3 of the Elven Halls.
             The game lasted 00:38:14 (22774 turns).

robertstho the Executioner (Minotaur Berserker)    Turns: 22774, Time: 00:38:16

Health: -6/168     AC: 18    Str: 34    XL:     17   Next: 35%
Magic:  7/7        EV: 23    Int:  8    God:    Trog [******]
Gold:   974        SH:  0    Dex: 24    Spells: 16/16 levels left

rFire    . . .     SeeInvis .   O - +4 battleaxe of Darkness {vorpal, rN+ Str+4 Dex+7 Stlth+}
rCold    . . .     Faith    .   (shield currently unavailable)
rNeg     + + +     Spirit   .   K - +1 pearl dragon scales of Lifelessness {*Corrode rN+ Regen+ Int+3}
rPois    .         Reflect  .   (helmet restricted)
rElec    +         Harm     .   n - +0 cloak
rCorr    .         Rampage  .   E - +0 pair of gloves {Str+3}
Will     +++..                  F - +0 pair of boots
Stlth    +++.......             N - amulet of regeneration
HPRegen  3.38/turn              c - +4 ring of evasion
MPRegen  0.10/turn              l - ring "Iheq" {Fly rElec rN+ MP-9 Dex+6}

@: strong-willed, corroded, on berserk cooldown, flying, very slightly
contaminated, regenerating, slowed, studying Crossbows, invisible, very slow
A: horns 2, retaliatory headbutt
a: Renounce Religion, Berserk, Trog's Hand, Brothers in Arms


You were on level 3 of the Elven Halls.
You worshipped Trog.
Trog was exalted by your worship.
You visited 4 branches of the dungeon, and saw 23 of its levels.
You visited the Abyss 1 time.
You also visited: Ice Cave and Volcano.

You collected 2434 gold pieces.
You spent 1460 gold pieces at shops.

Inventory:

Hand Weapons
 a - a +7 vorpal executioner's axe
 e - a +4 battleaxe of freezing
 I - a +0 broad axe
 O - the +4 battleaxe of Darkness (weapon) {vorpal, rN+ Str+4 Dex+7 Stlth+}
   (Trog gifted it to you on level 6 of the Lair of Beasts)

   It inflicts extra damage upon your enemies.
   It affects your strength (+4).
   It affects your dexterity (+7).
   It protects you from negative energy.
   It makes you more stealthy.
 Z - a +2 war axe of flaming
Missiles
 j - 2 throwing nets
 y - 3 curare-tipped darts
 J - 3 boomerangs of dispersal
 Y - 5 atropa-tipped darts
Armour
 n - a +0 cloak (worn)
 u - a +1 chain mail of poison resistance
 D - +0 acid dragon scales
 E - a +0 pair of gloves of strength (worn)
 F - a +0 pair of boots (worn)
 K - the +1 pearl dragon scales of Lifelessness (worn) {*Corrode rN+ Regen+ Int+3}
   (You found it on level 12 of the Dungeon)

   It affects your intelligence (+3).
   It protects you from negative energy.
   It increases your rate of health regeneration.
   It may corrode you when you take damage.
 M - a +1 chain mail of fire resistance
Jewellery
 c - a +4 ring of evasion (left hand)
 f - a ring of see invisible
 k - a ring of magical power
 l - the ring "Iheq" (right hand) {Fly rElec rN+ MP-9 Dex+6}
   (You acquired it on level 3 of the Lair of Beasts)

   [ring of dexterity]

   It affects your dexterity (+6).
   It insulates you from electricity.
   It protects you from negative energy.
   It affects your magic capacity (-9).
   It grants you flight.
 p - a ring of ice
 N - an amulet of regeneration (around neck)
Wands
 s - a wand of paralysis (24)
 v - a wand of digging (6)
 G - a wand of mindburst (22)
 H - a wand of iceblast (19)
 U - a wand of charming (12)
 X - a wand of acid (7)
Scrolls
 i - 19 scrolls of teleportation
 o - 2 scrolls of enchant weapon
 r - a scroll of silence
 w - a scroll of summoning
 x - a scroll of enchant armour
 z - a scroll of fog
 P - 2 scrolls of brand weapon
 Q - a scroll of immolation
 S - 4 scrolls of magic mapping
 T - a scroll of blinking
 V - 4 scrolls of identify
 W - a scroll of fear
Potions
 b - 5 potions of mutation
 d - 4 potions of heal wounds
 g - 7 potions of might
 h - 3 potions of cancellation
 m - 8 potions of curing
 q - 4 potions of invisibility
 t - a potion of magic
 A - 4 potions of attraction
 C - a potion of resistance
 L - 5 potions of lignification
 R - 2 potions of ambrosia


   Skills:
 + Level 19.0 Fighting
 + Level 23.8 Axes
 + Level 14.1 Armour
 + Level 10.3 Dodging
 + Level 4.2 Stealth


You had 16 spell levels left.
You didn't know any spells.
Your spell library was empty.

Dungeon Overview and Level Annotations

Branches:
Dungeon (12/15)            Temple (0/1) D:5            Lair (6/6) D:11
 Shoals (0/4) Lair:2       Spider (0/4) Lair:4        Slime (0/5) Lair:5
    Orc (2/2) D:11            Elf (3/3) Orc:2         IceCv (visited)
Volcano (visited)

Altars:
Cheibriados
Elyvilon
Hepliaklqana
Kikubaaqudgha
Okawaru
Qazlal
Ru
Vehumet
Wu Jian
Zin

Shops:
D:1 [   D:5 [   D:7 !   Orc:1 ?:?((   Orc:2 [(**   Elf:1 *:[*=   Elf:2 :

Portals:
Abyss: Lair:2


Innate Abilities, Weirdness & Mutations

You have a pair of horns on your head.
You reflexively headbutt those who attack you in melee.


Message History

The deep elf blademaster hits your cyclops with a +0 rapier!!
The deep elf blademaster hits your cyclops with a +0 rapier!
The balrug gestures at you. Something smites you!
* * * LOW HITPOINT WARNING * * *
The Brimstone Fiend hits you but does no damage. x2
The Brimstone Fiend closely misses you. The Executioner hits you!
* * * LOW HITPOINT WARNING * * *
The Executioner completely misses you.
The Executioner hits you but does no damage.
The +3 long sword of distortion is engulfed in blazing flames.
Your cyclops hits the deep elf blademaster!
The deep elf blademaster hits your cyclops but does no damage.
The deep elf blademaster hits your cyclops with a +0 rapier!!
The Executioner closely misses you. The Executioner misses you.
The Executioner hits you but does no damage.
The +3 long sword of distortion is engulfed in blazing flames.
The Brimstone Fiend barely misses you. You furiously retaliate!
You headbutt the Brimstone Fiend, but do no damage.
The Brimstone Fiend misses you. The Brimstone Fiend hits you.
* * * LOW HITPOINT WARNING * * *
You are very lightly contaminated with residual magic.
Blink to where?
Press: ? - help, Dir - move target
As you read the scroll of blinking, it crumbles to dust.
Unknown command.
Your skin crawls.
You feel strong-willed. The Executioner hits you!
* * * LOW HITPOINT WARNING * * *
Your corrosive artefact corrodes you!
The Executioner hits you but does no damage.
The Executioner barely misses you. The Executioner hits you!
* * * LOW HITPOINT WARNING * * *
The Executioner hits you but does no damage.
The Executioner hits you.
* * * LOW HITPOINT WARNING * * *
The Executioner hits you!
You die...

.# ### #.# #.# #.#
#.#.# #.##### #####.#
#.#####...... #...@#
#........... #...1#
#.##...###. ##.....##
##......##.
#.......####.##...###.
#.........##.####......
#............## #.#####
##..........## #.#
########1### ### #)e)#


You could see a Brimstone Fiend (summoned) and an Executioner (summoned, fast).

Vanquished Creatures
  Jorgrun (Orc:1)
  A deep elf blademaster (Elf:2)
  A tentacled starspawn (Abyss:2)
  A tengu reaver (D:12)
  2 deep elf sorcerers (Elf:3)
  A ghost moth (Abyss:2)
  2 deep elf elementalists (Elf:3)
  A deep elf demonologist (Elf:3)
  A deep elf annihilator (Elf:2)
  2 deep elf death magi
  A green death (Abyss:2)
  A fire dragon (Lair:6)
  3 boulder beetles
  The ghost of derath95 the Geomancer, a journeyman GrEE of Vehumet (Lair:2)
  Fannar (Lair:3)
  The ghost of heikuro the Cleaver, a journeyman FoAK of Lugonu (D:10)
  5 hydras
  4 ogre magi (Orc:2)
  2 catoblepae
  Erica (D:8)
  12 two-headed ogres
  11 death yaks
  22 dancing weapons
  A hell hog (Lair:2)
  An orc high priest (Orc:1)
  2 thrashing horrors (Abyss:2)
  Urug (Lair:3)
  17 deep elf knights
  A sun demon (Volcano)
  A fire crab (Lair:4)
  A necromancer (IceCv)
  9 deep elf archers
  Pikel (D:8)
  A lindwurm (Lair:4)
  4 orc knights (Orc:1)
  An orb spider (Lair:4)
  20 deep elf zephyrmancers
  20 deep elf pyromancers
  3 orc sorcerers
  4 ugly things
  A wolf spider (Lair:6)
  A cyclops (D:11)
  2 manticores (Elf:2)
  10 elephants
  A moth of wrath (D:10)
  A merfolk siren (Lair:2)
  A guardian serpent (Lair:6)
  10 black mambas
  18 cane toads
  3 orange demons
  An eye of devastation (Abyss:2)
  5 ice statues (IceCv)
  A gargoyle (Volcano)
  A torpor snail (Lair:6)
  A molten gargoyle (Volcano)
  A kobold demonologist (D:12)
  3 rime drakes
  8 komodo dragons
  An efreet (Abyss:2)
  9 ice devils (IceCv)
  A red devil (Volcano)
  6 trolls
  A wind drake (shapeshifter) (Abyss:2)
  3 hornets (Lair:6)
  4 polar bears
  21 blink frogs
  4 raiju (Abyss:2)
  A shadow (D:11)
  A spriggan (Lair:2)
  2 redbacks (Lair:6)
  2 water elementals
  A wraith (D:9)
  80 yaks
  A vampire (D:10)
  2 ynoxinuls (Abyss:2)
  16 wyverns
  Grum (D:8)
  4 fire bats
  3 steam dragons
  2 vampire mosquitoes (D:11)
  2 basilisks
  3 chaos spawn
  5 wargs
  4 large abominations
  Edmund (D:4)
  3 acid dragons
  20 water moccasins
  3 hell hounds
  18 orc warriors
  A swamp drake (Lair:6)
  8 ice beasts (Lair:1)
  A necrophage (D:5)
  A black bear (shapeshifter) (Elf:1)
  3 centaurs
  52 wolves
  An ettin simulacrum (Abyss:2)
  22 ogres
  4 kobold brigands
  A wyvern zombie (D:5)
  6 scorpions (Elf:2)
  12 bullfrogs
  2 water moccasin zombies
  4 earth elementals
  2 small abominations (Abyss:2)
  17 killer bees
  12 howler monkeys
  12 wights
  An electric eel (Lair:5)
  5 lava snakes (Volcano)
  A bullfrog zombie (D:4)
  4 centaur zombies
  Crazy Yiuf (D:3)
  2 draconian simulacra (IceCv)
  5 hounds
  14 orc priests
  An iron imp (Abyss:2)
  A centaur skeleton (D:7)
  7 hell rats
  3 iguanas
  Terence (D:2)
  12 orc wizards
  Ijyb (D:5)
  3 troll simulacra (IceCv)
  A killer bee zombie (D:9)
  A centaur simulacrum (IceCv)
  2 hound skeletons
  A howler monkey skeleton (D:5)
  5 adders
  3 naga simulacra (IceCv)
  9 river rats (Lair:6)
  An ogre simulacrum (IceCv)
  2 white imps
  2 adder skeletons (D:4)
  5 worms
  66 orcs
  5 endoplasms
  5 giant cockroaches
  11 goblins
  4 hobgoblins (D:3)
  11 jackals
  A quokka (D:2)
  3 ball pythons
  5 bats
  4 frilled lizards
  21 kobolds
  5 rats
856 creatures vanquished.

Vanquished Creatures (collateral kills)
  Rupert (Lair:3)
  A boulder beetle (D:11)
  A dancing weapon (Elf:1)
  A swamp dragon (Lair:6)
  2 deep elf archers (Elf:2)
  A cyclops (D:11)
  2 rime drakes
  A wyvern (Lair:3)
  A basilisk (Lair:6)
  A bullfrog (Lair:3)
12 creatures vanquished.

Vanquished Creatures (others)
  A deep elf knight (Elf:1)
  A large abomination (Abyss:2)
  A rime drake (Lair:6)
  A basilisk (Lair:6)
  An acid dragon (Lair:6)
  A human (D:10)
  A bullfrog (Lair:5)
  2 bushes (Lair:6)
  35 fungi
  A lurking horror (Lair:2)
  104 plants
  2 starspawn tentacles (Abyss:2)
151 creatures vanquished.

Grand Total: 1019 creatures vanquished

Notes
Turn   | Place    | Note
-------+----------+-------------------------------------------
     0 | D:1      | robertstho the Minotaur Berserker began the quest for the
                  | Orb.
     0 | D:1      | Reached XP level 1. HP: 19/19 MP: 0/0
    76 | D:1      | Found a faded altar of an unknown god.
   231 | D:1      | Reached skill level 4 in Axes
   231 | D:1      | Reached XP level 2. HP: 27/27 MP: 1/1
   305 | D:1      | Found Qaumeela's Armour Shoppe.
   444 | D:2      | Reached XP level 3. HP: 30/34 MP: 2/2
   538 | D:2      | Noticed Terence
   549 | D:2      | Killed Terence
   550 | D:2      | Reached XP level 4. HP: 38/41 MP: 3/3
   606 | D:2      | Reached ** piety under Trog
   680 | D:2      | Reached skill level 5 in Axes
   806 | D:2      | Found a glowing silver altar of Zin.
  1181 | D:3      | Found a runed translucent door.
  1182 | D:3      | Noticed Crazy Yiuf
  1273 | D:3      | Found a hazy altar of Hepliaklqana.
  1623 | D:3      | Reached XP level 5. HP: 47/47 MP: 4/4
  1699 | D:3      | Killed Crazy Yiuf
  1814 | D:4      | Reached *** piety under Trog
  2001 | D:4      | Reached skill level 6 in Axes
  2122 | D:4      | Noticed Edmund
  2150 | D:4      | Killed Edmund
  2151 | D:4      | Reached skill level 5 in Fighting
  2151 | D:4      | Reached XP level 6. HP: 11/50 MP: 5/5
  3073 | D:4      | Reached skill level 7 in Axes
  3107 | D:5      | Entered Level 5 of the Dungeon
  3161 | D:5      | Noticed a water moccasin
  3171 | D:5      | Killed a water moccasin
  3172 | D:5      | Reached XP level 7. HP: 52/61 MP: 6/6
  3675 | D:5      | Reached skill level 5 in Armour
  3685 | D:5      | Found a staircase to the Ecumenical Temple.
  3699 | D:5      | Noticed Ijyb
  3709 | D:5      | Reached skill level 8 in Axes
  3710 | D:5      | Paralysed by Ijyb for 6 turns
  3723 | D:5      | Paralysed by Ijyb for 5 turns
  3733 | D:5      | Killed Ijyb
  4308 | D:5      | Found Hercho Ynlu's Armour Emporium.
  4316 | D:5      | Bought a +1 chain mail of poison resistance for 175 gold
                  | pieces
  4642 | D:6      | Reached XP level 8. HP: 70/70 MP: 7/7
  4905 | D:6      | Reached skill level 1 in Stealth
  5286 | D:7      | Reached skill level 9 in Axes
  5658 | D:7      | Reached **** piety under Trog
  5696 | D:7      | Found Nufaing's Distillery.
  5699 | D:7      | Bought a potion of brilliance for 44 gold pieces
  5699 | D:7      | Bought a potion of might for 44 gold pieces
  5699 | D:7      | Bought a potion of attraction for 33 gold pieces
  5699 | D:7      | Bought a potion of curing for 33 gold pieces
  5699 | D:7      | Bought a potion of degeneration for 11 gold pieces
  5848 | D:7      | Found an iron altar of Okawaru.
  5849 | D:7      | Found a white marble altar of Elyvilon.
  5850 | D:7      | Found an ornate altar of the Wu Jian Council.
  5851 | D:7      | Found a snail-covered altar of Cheibriados.
  5972 | D:8      | Noticed Grum
  5982 | D:8      | Reached skill level 10 in Axes
  5987 | D:8      | Killed Grum
  5988 | D:8      | Reached XP level 9. HP: 78/78 MP: 8/8
  6435 | D:8      | Noticed Erica
  6442 | D:8      | Reached skill level 5 in Dodging
  6450 | D:8      | Killed Erica
  6451 | D:8      | Reached skill level 11 in Axes
  7061 | D:8      | Noticed Pikel
  7074 | D:8      | Killed Pikel
  7075 | D:8      | Reached skill level 12 in Axes
  7075 | D:8      | Reached XP level 10. HP: 88/88 MP: 9/9
  7398 | D:8      | Found a stormy altar of Qazlal.
  7688 | D:9      | Identified the +1 falchion "Loyvople" {freeze, rN+ Str+3}
  8023 | D:9      | Noticed a two-headed ogre
  8024 | D:9      | Found a sacrificial altar of Ru.
  8030 | D:9      | Killed a two-headed ogre
  8711 | D:10     | Entered Level 10 of the Dungeon
  8715 | D:10     | Reached ***** piety under Trog
  8729 | D:10     | Reached skill level 13 in Axes
  9079 | D:10     | Found a glowing silver altar of Zin.
  9139 | D:10     | Found a transporter.
  9147 | D:10     | Found a transporter.
  9147 | D:10     | Noticed a catoblepas
  9148 | D:10     | Noticed heikuro's ghost (journeyman FoAK)
  9154 | D:10     | Noticed a moth of wrath
  9544 | D:10     | Found an ancient bone altar of Kikubaaqudgha.
  9694 | D:10     | Killed a moth of wrath
  9695 | D:10     | Reached XP level 11. HP: 99/99 MP: 10/10
  9700 | D:10     | Reached skill level 10 in Armour
  9701 | D:10     | Killed a catoblepas
  9702 | D:10     | Reached skill level 14 in Axes
  9712 | D:10     | Killed heikuro's ghost
  9713 | D:10     | Reached skill level 10 in Fighting
  9803 | D:11     | Found a staircase to the Orcish Mines.
  9948 | D:11     | Received a gift from Trog
 10139 | D:11     | Noticed a boulder beetle
 10145 | D:11     | Killed a boulder beetle
 10146 | D:11     | Reached skill level 15 in Axes
 10182 | D:11     | Found a staircase to the Lair.
 10745 | D:12     | Noticed a boulder beetle
 10755 | D:12     | Killed a boulder beetle
 10828 | D:12     | Noticed a catoblepas
 10845 | D:12     | Killed a catoblepas
 11092 | D:12     | Noticed a tengu reaver
 11101 | D:12     | Killed a tengu reaver
 11102 | D:12     | Reached skill level 16 in Axes
 11102 | D:12     | Reached XP level 12. HP: 66/110 MP: 11/11
 11106 | D:12     | Identified the +1 pearl dragon scales of Lifelessness
                  | {*Corrode rN+ Regen+ Int+3}
 11216 | Lair:1   | Entered Level 1 of the Lair of Beasts
 11606 | Lair:1   | Found a frozen archway.
 11630 | IceCv    | Entered an ice cave
 11649 | IceCv    | Reached skill level 17 in Axes
 12049 | IceCv    | Received a gift from Trog
 12097 | IceCv    | Identified the +1 scythe of the Orcish Mines {holy, Will+}
 12260 | IceCv    | Reached ****** piety under Trog
 12960 | Lair:2   | Reached XP level 13. HP: 111/119 MP: 12/12
 13036 | Lair:2   | Reached skill level 18 in Axes
 13110 | Lair:2   | You fall into a shaft and drop 2 floors!
 13199 | Lair:3   | Identified a scroll of acquirement
 13200 | Lair:3   | Acquired the ring "Iheq" {Fly rElec rN+ MP-9 Dex+6}
 13238 | Lair:3   | Received a gift from Trog
 13430 | Lair:3   | Noticed Rupert
 13436 | Lair:3   | Killed Rupert
 13586 | Lair:3   | Found a dark tunnel.
 13595 | Volcano  | Entered a volcano
 13871 | Volcano  | Found a bloodstained altar of Trog.
 13963 | Volcano  | Reached skill level 19 in Axes
 14385 | Lair:3   | Noticed Urug
 14398 | Lair:3   | Killed Urug
 14638 | Lair:3   | Noticed Fannar
 14651 | Lair:3   | Killed Fannar
 14911 | Lair:4   | Found a hole to the Spider Nest.
 15012 | Lair:4   | Reached XP level 14. HP: 130/130 MP: 4/13
 15221 | Lair:4   | Received a gift from Trog
 15460 | Lair:5   | Reached skill level 20 in Axes
 15983 | Lair:5   | Found a staircase to the Slime Pits.
 16416 | Lair:6   | Entered Level 6 of the Lair of Beasts
 16763 | Lair:6   | Received a gift from Trog
 16793 | Lair:6   | Reached skill level 21 in Axes
 16917 | Lair:6   | Identified the +6 morningstar of the Living Dead {drain,
                  | rN+}
 17054 | Lair:6   | Reached skill level 15 in Fighting
 17148 | Lair:6   | Reached XP level 15. HP: 141/141 MP: 5/14
 17169 | Lair:6   | Identified the +4 battleaxe of Darkness {vorpal, rN+ Str+4
                  | Dex+7 Stlth+} (Trog gifted it to you on level 6 of the Lair
                  | of Beasts)
 17169 | Lair:6   | Received a gift from Trog
 17819 | Lair:2   | Found a staircase to the Shoals.
 17866 | Lair:2   | Found a transporter.
 17876 | Lair:2   | Noticed derath95's ghost (journeyman GrEE)
 18055 | Lair:2   | Reached skill level 22 in Axes
 18152 | Lair:2   | Found a transporter.
 18400 | Lair:2   | Found a one-way gate to the infinite horrors of the Abyss.
 18411 | Lair:2   | Killed derath95's ghost
 18680 | Orc:1    | Entered Level 1 of the Orcish Mines
 18680 | Orc:1    | Found Iczam's Magic Scroll Boutique.
 18688 | Orc:1    | Found Doakke's Book Shop.
 18696 | Orc:1    | Bought a scroll of identify for 34 gold pieces
 18696 | Orc:1    | Bought a scroll of identify for 34 gold pieces
 18696 | Orc:1    | Bought a scroll of identify for 34 gold pieces
 18696 | Orc:1    | Bought a scroll of identify for 34 gold pieces
 18696 | Orc:1    | Bought a scroll of amnesia for 59 gold pieces
 18696 | Orc:1    | Bought a scroll of fear for 59 gold pieces
 18696 | Orc:1    | Bought a scroll of identify for 34 gold pieces
 18781 | Orc:1    | Found Miuqulae's Magic Scroll Shop.
 18781 | Orc:1    | Noticed Jorgrun
 18790 | Orc:1    | Killed Jorgrun
 18847 | Orc:1    | Bought a scroll of enchant weapon for 105 gold pieces
 18847 | Orc:1    | Bought a scroll of magic mapping for 49 gold pieces
 18847 | Orc:1    | Bought a scroll of teleportation for 42 gold pieces
 18847 | Orc:1    | Bought a scroll of silence for 105 gold pieces
 18923 | Orc:2    | Entered Level 2 of the Orcish Mines
 18932 | Orc:2    | Found a staircase to the Elven Halls.
 19149 | Orc:2    | Received a gift from Trog
 19164 | Orc:2    | Found Coklyir's Armour Emporium.
 19164 | Orc:2    | Found Vuym's General Store.
 19176 | Orc:2    | Found Pedeuphu's Weapon Shop.
 19176 | Orc:2    | Found Furulom's Assorted Antiques.
 19459 | Orc:1    | Found Umug's Weapon Shoppe.
 19463 | Orc:1    | Found Ecopn's Weapon Emporium.
 19498 | Orc:1    | Paralysed by an orc sorcerer for 2 turns
 19696 | Orc:1    | Found Fuvei's Magic Scroll Boutique.
 19731 | Orc:1    | Bought a scroll of summoning for 171 gold pieces
 19731 | Orc:1    | Bought a scroll of brand weapon for 360 gold pieces
 19870 | Elf:1    | Entered Level 1 of the Elven Halls
 19879 | Elf:1    | Received a gift from Trog
 19971 | Elf:1    | Reached XP level 16. HP: 83/152 MP: 6/15
 20090 | Elf:1    | Found Baadd's Book Shop.
 20178 | Elf:1    | Found Pibbeebao's General Store.
 20185 | Elf:1    | Found a radiant altar of Vehumet.
 20285 | Elf:1    | Found Nutif's Armour Shop.
 20451 | Elf:1    | Found Feythooxt's Jewellery Boutique.
 20562 | Elf:1    | Found Rosin's Assorted Antiques.
 20845 | Elf:2    | Found Doupedemn's One-of-a-Kind Books.
 20921 | Elf:2    | Received a gift from Trog
 20939 | Elf:2    | Reached skill level 23 in Axes
 21128 | Elf:2    | Found a runed translucent gate.
 21128 | Elf:2    | Found a runed translucent gate.
 21128 | Elf:2    | Found a runed translucent gate.
 21464 | Elf:2    | Noticed a deep elf blademaster
 21473 | Elf:2    | Killed a deep elf blademaster
 21480 | Elf:2    | Cast into level 2 of the Abyss (+0 triple sword of
                  | distortion)
 21661 | Abyss:2  | Noticed a tentacled starspawn
 21666 | Abyss:2  | Killed a tentacled starspawn
 21756 | Abyss:2  | Reached skill level 10 in Dodging
 21878 | Elf:2    | Escaped the Abyss
 21883 | Elf:2    | Reached XP level 17. HP: 148/166 MP: 7/16
 21893 | Elf:2    | Received a gift from Trog
 22450 | Elf:3    | Entered Level 3 of the Elven Halls
 22759 | Elf:3    | Noticed a deep elf master archer
 22764 | Elf:3    | Noticed a deep elf master archer
 22767 | Elf:3    | Noticed a Brimstone Fiend
 22768 | Elf:3    | Noticed an Ice Fiend
 22769 | Elf:3    | Noticed a deep elf blademaster
 22774 | Elf:3    | HP: 7/168 [Executioner[a deep elf demonologist] (17)]
 22774 | Elf:3    | Mangled by an Executioner

Illustrated notes

Levels and vault maps discovered:
D:1:      scummos_arrival_checkerplants, layout_rooms, serial_shops, shop,
          ebering_ecumenical_altar_box, lemuel_another_geyser
D:2:      layout_basic, basic_altar, uniq_terence
D:3:      layout_rooms, nicolae_hepliaklqana_hazy_memory,
          kennysheep_big_empty_room, uniq_crazy_yiuf_cottage
D:4:      layout_basic, uniq_edmund
D:5:      layout_basic, minmay_temple_entry_offerings, serial_shops,
          shop_fountains, uniq_ijyb
D:6:      layout_cave_pools
D:7:      layout_basic, minitemple, serial_shops, nicolae_shop_behind_doors,
          kennysheep_minor_cross, minmay_misc_feat_chi
D:8:      layout_layer_cave, nicolae_qazlal_eye_of_the_storm, uniq_erica,
          uniq_pikel, uniq_grum
D:9:      kennysheep_spiral_hall, layout_loops_ring, marbit_many_paths
D:10:     layout_cave_pools, kennysheep_mini, tgw_kikubaaqudgha,
          gammafunk_ghost_berserking_beasts, hangedman_abyss_or_decor_clamps
D:11:     layout_big_octagon, david_lair_shrubbed, erik_orc_4,
          kennysheep_opposing_triangles
D:12:     minmay_box_of_curves, layout_basic, special_room [special_room_bee],
          serial_shops, shop, fedhas_altar_1, uniq_erolcha
Lair:1:   layout_gridlike, portal_ice_cave_entry_ice_beasts,
          serial_bayou_pond_d, minivault_27, serial_bayou_pond_b,
          grunt_forest_large_clearings, lemuel_fruit_fields
Lair:2:   layout_regular_city, minmay_shoals_entry_lonely_mermaid,
          gammafunk_ghost_abyssal_escape
Lair:3:   layout_cave_shapes, enter_volcano_3, serial_bayou_shore_b, uniq_urug,
          uniq_rupert, uniq_fannar
Lair:4:   layout_cave_shapes, nicolae_spider_entry_orb_guardian,
          serial_bayou_shore_b, grunt_megastairs_5
Lair:5:   layout_small_grid, minmay_slime_entry_oklob_enclosed,
          nicolae_quartered_pool_little, st_stairs_12
Lair:6:   guppyfry_lair_end_dragon, layout_gridlike,
          hangedman_lair_tendril_chambers, kennysheep_rathole
Orc:1:    layout_diamond_mine, serial_shops, shop, nicolae_shop_trees, shop,
          shop, shop_coins, guppyfry_orc_lava_fort, uniq_jorgrun
Orc:2:    st_orc_ogre_mass, layout_caves
Elf:1:    eino_elf_arrival_shootout, layout_geoelf_octagon, basic_altar,
          serial_shops, shop, nicolae_shop_stone, shop,
          nicolae_shop_window_shopping, nicolae_shop_window_shopping,
          minivault_28
Elf:2:    layout_onion_city, serial_sigils_hangedman_clutch, nicolae_rare_books,
          st_stairs_6, einodemon_barbed_minivault
Elf:3:    minmay_elf_hall_not_hex, layout_loops_corners

Skill      XL: |  1  2  3  4  5  6  7  8  9 10 11 12 13 14 15 16 17 |
---------------+----------------------------------------------------+-----
Axes           | 4 5 6 7 8 10 12 13 16 17 19 21 22 23 | 23.8
Fighting       | 4 5 6 8 9 11 12 13 15 16 18 19 | 19.0
Armour         | 3 4 5 7 8 9 10 11 12 13 14 | 14.1
Dodging        | 3 4 5 6 7 8 9 10 | 10.3
Stealth        | 1 2 3 4 |  4.2

Action                   |  1- 3 |  4- 6 |  7- 9 | 10-12 | 13-15 | 16-18 || total
-------------------------+-------+-------+-------+-------+-------+-------++-------
Melee: Hand axe          |    48 |   172 |   271 |    16 |       |       ||   507
       Headbutt          |    10 |    30 |    53 |    72 |   157 |    90 ||   412
       Battleaxe         |       |       |       |   296 |   200 |   316 ||   812
       Executioner's axe |       |       |       |    42 |   425 |       ||   467
Invok: Berserk           |       |     2 |     7 |    15 |    16 |     6 ||    46
       Brothers in Arms  |       |       |       |     1 |     3 |     3 ||     7
       Trog's Hand       |       |       |       |       |       |     2 ||     2
  Use: Scroll            |       |     4 |     2 |     7 |    10 |     1 ||    24
       Potion            |       |       |       |       |       |     1 ||     1
 Stab: Sleeping          |       |       |       |       |     1 |     1 ||     2
       Distracted        |       |       |       |       |       |     2 ||     2
Armor: Animal skin       |     5 |       |       |       |       |       ||     5
       Chain mail        |    25 |    45 |       |       |       |       ||    70
       Scale mail        |       |    21 |    77 |    89 |       |       ||   187
       Pearl dragon scal |       |       |       |    79 |   229 |   130 ||   438
Dodge: Dodged            |    28 |    91 |   179 |   297 |   523 |   295 ||  1413

Table legend: (Time is in decaauts)
 A = Elapsed time spent in this place.
 B = Non-inter-level travel time spent in this place.
 C = Inter-level travel time spent in this place.
 D = Time resting spent in this place.
 E = Time spent auto-exploring this place.
 F = Levels seen in this place.
 G = Mean time per level.
                   A        B        C        D        E       F      G
               +--------+--------+--------+--------+--------+-----+--------+
         Total |  23074 |  21840 |   1234 |   1948 |  15468 |  26 |  887.5 |
       Dungeon |  11360 |  10712 |    648 |    850 |   8379 |  12 |  946.7 |
          Lair |   6255 |   5881 |    374 |    352 |   4245 |   6 | 1042.5 |
  Orcish Mines |   1174 |   1044 |    130 |      0 |    825 |   2 |  587.0 |
   Elven Halls |   2571 |   2491 |     80 |    292 |   1504 |   3 |  857.0 |
         Abyss |    386 |    386 |      0 |      0 |    239 |   1 |  386.0 |
      Ice Cave |    780 |    780 |      0 |    393 |    135 |   1 |  780.0 |
       Volcano |    545 |    545 |      0 |     60 |    139 |   1 |  545.0 |
               +--------+--------+--------+--------+--------+-----+--------+

Top non-repeatable levels by time:
     D:5: 1535 daAuts
     D:9: 1400 daAuts
     D:8: 1358 daAuts
     D:4: 1349 daAuts
   Elf:2: 1321 daAuts
  Lair:6: 1262 daAuts
  Lair:2: 1095 daAuts
  Lair:3: 1093 daAuts
     D:7: 1005 daAuts
    D:10: 993 daAuts
  Lair:5: 984 daAuts
    D:11: 958 daAuts
   Elf:1: 937 daAuts
  Lair:1: 919 daAuts
  Lair:4: 899 daAuts
